 Dungeon Crawl Stone Soup version 0.23.2 (webtiles) character file.

Game seed: 4414362890770978071

48 Kinoniko the Skirmisher (level 3, 0/29 HPs)
             Began as a Demonspawn Chaos Knight on Apr 3, 2019.
             Was a Plaything of Xom.
             Slain by a chaos spawn (13 damage)
             ... summoned by Xom
             ... on level 2 of the Dungeon.
             The game lasted 00:04:12 (1531 turns).

Kinoniko the Skirmisher (Demonspawn Chaos Knight)   Turns: 1531, Time: 00:04:13

Health: 0/29       AC:  5    Str: 12    XL:     3   Next: 50%
Magic:  0/3        EV: 10    Int: 17    God:    Xom [......]
Gold:   69         SH:  3    Dex: 13    Spells: 2/2 levels left

rFire    . . .     SeeInvis .   a - +0 falchion (chaos)
rCold    + . .     Gourm    .   g - +0 buckler
rNeg     . . .     Faith    .   b - +2 leather armour
rPois    .         Spirit   .   (no helmet)
rElec    .         Reflect  .   (no cloak)
rCorr    .         Harm     .   (no gloves)
MR       .....                  (no boots)
Stlth    +.........             (no amulet)
HPRegen  0.09/turn              e - ring of protection from cold
MPRegen  0.08/turn              k - +4 ring of intelligence

@: hasted, drained, very quick
A: deterioration 1, powered by pain 1
a: Renounce Religion


You were on level 2 of the Dungeon.
You worshipped Xom.
You were a very special plaything of Xom.
You were not hungry.

You visited 1 branch of the dungeon, and saw 2 of its levels.

You collected 69 gold pieces.

Inventory:

Hand Weapons
 a - a +0 falchion of chaos (weapon)
Armour
 b - a +2 leather armour (worn)
 g - a +0 buckler (worn)
Jewellery
 e - a ring of protection from cold (left hand)
 h - a +3 ring of strength {unknown}
 k - a +4 ring of intelligence (right hand)
Potions
 d - a potion of cancellation {unknown}
 f - a potion of flight {unknown}
 i - a potion of curing {unknown}
 j - a potion of degeneration {unknown}
 l - 3 potions of lignification {unknown}
Comestibles
 c - 4 rations


   Skills:
 + Level 3.4(2.6) Fighting
 + Level 3.1(2.3) Long Blades
 * Level 2.2(1.4) Armour
 * Level 1.5(0.7) Dodging


You had 2 spell levels left.
You didn't know any spells.
Your spell library was empty.

Dungeon Overview and Level Annotations

Branches:
Dungeon (2/15)

Altars:


Innate Abilities, Weirdness & Mutations

You sometimes gain a little power by taking damage.
Your body sometimes deteriorates upon taking damage.


Message History

Xom's power brushes against you for a moment.
Your body is suffused with distortional energy.
You feel yourself wasting away.
You start resting. "Fight to survive, mortal."
A chaos spawn is nearby!
You block the chaos spawn's attack.
You closely miss the chaos spawn. The chaos spawn gores you.
You feel your power leaking away.
You hit the chaos spawn but do no damage.
The chaos spawn seems to speed up.
The chaos spawn barely misses you.
You riposte.
You hit the chaos spawn.
The chaos spawn is lightly wounded.
The chaos spawn hits you.
You feel yourself speed up.
Xom is amused.
You hit the chaos spawn. You burn the chaos spawn.
The chaos spawn is lightly wounded.
The chaos spawn gores you!
You die...
Xom yawns loudly!

### ..# #.# #.# #.#
#######.############
...%......4@.†......
#######.##############
#####.........#..........#
..........#.#.#.########.#
.####.###.#.#.#.# #.#
####.# #.#.#.#.# #.#
..##.# #.#.#.#.# #.#
#.##.# #.#.#.#.# #.#
#.##.# #.#.#.#.# #.#


You could see a chaos spawn.

Vanquished Creatures
  2 adders (D:2)
  A leopard gecko (D:1)
  7 bats
  A giant cockroach (D:1)
  A goblin (D:1)
  7 hobgoblins
  2 ball pythons (D:1)
  A frilled lizard (D:1)
  3 kobolds (D:1)
  3 rats (D:1)
28 creatures vanquished.

Notes
Turn   | Place    | Note
-------+----------+-------------------------------------------
     0 | D:1      | Kinoniko the Demonspawn Chaos Knight began the quest for
                  | the Orb.
     0 | D:1      | Reached XP level 1. HP: 18/18 MP: 1/1
   200 | D:1      | Gained mutation: You sometimes gain a little power by
                  | taking damage. [demonic ancestry]
   200 | D:1      | Reached XP level 2. HP: 20/24 MP: 2/2
   351 | D:1      | XOM: silly message
   377 | D:1      | XOM: silly message
   426 | D:1      | XOM: divination: magic mapping
   522 | D:1      | XOM: divination: magic mapping
   604 | D:1      | Reached skill level 1 in Dodging
   727 | D:1      | XOM: draining
  1137 | D:2      | Reached XP level 3. HP: 28/29 MP: 3/3
  1331 | D:2      | XOM: noise
  1506 | D:2      | XOM: give mutation
  1506 | D:2      | Gained mutation: Your body sometimes deteriorates upon
                  | taking damage. [Xom's mischief]
  1527 | D:2      | XOM: summons 1 hostile demon
  1528 | D:2      | Noticed a chaos spawn
  1531 | D:2      | Slain by a chaos spawn

Skill      XL: |  1  2 |
---------------+-------+-----
Long Blades    | 3 |  3.1
Armour         | 2 |  2.2
Dodging        | 1 |  1.5
Fighting       | |  3.4

Action                   || total
-------------------------++-------
Melee: Falchion          ||    99
  Use: Scroll            ||     5
 Stab: Petrifying        ||     1
  Eat: Ration            ||     1
Armor: Leather armour    ||    42
Dodge: Dodged            ||    63
Block: Buckler           ||    11
       Rpst.: Falchion   ||    18
